 Dungeon Crawl Stone Soup version 0.31-a0-496-g6f97920a28 (webtiles) character file.

Game seed: 7317696102178226489

124 AstroCodex24 the Covered (level 4, 0/38 HPs)
             Began as a Demigod Fighter on Aug 8, 2023.
             Slain by a gnoll
             ... wielding a +0 club
             ... led by a gnoll bouda
              (3 damage)
             ... on level 6 of the Dungeon.
             The game lasted 00:04:10 (1141 turns).

AstroCodex24 the Covered (Demigod Fighter)          Turns: 1141, Time: 00:04:11

Health: 0/38       AC:  6    Str: 21    XL:     4   Next: 52%
Magic:  6/6        EV:  9    Int: 10    God:
Gold:   80         SH:  4    Dex: 13    Spells: 3/3 levels left

rFire   . . .        a - +0 war axe
rCold   . . .        c - +0 buckler
rNeg    . . .        b - +0 scale mail
rPois   .            (no helmet)
rElec   .            (no cloak)
rCorr   +            (no gloves)
SInv    .            (no boots)
Will    .....        (no amulet) Stlth
                     k - ring of resist corrosion
HPRegen 0.26/turn    (no ring)
MPRegen 0.10/turn

%: no passive effects
@: no status effects
A: high MP 1, forlorn, divine attributes
a: no special abilities


You were on level 6 of the Dungeon.
You visited 1 branch of the dungeon, and saw 6 of its levels.

You collected 80 gold pieces.

Inventory:

Hand Weapons
 a - a +0 war axe (weapon)
Armour
 b - a +0 scale mail (worn)
 c - a +0 buckler (worn)
Jewellery
 k - a ring of resist corrosion (left hand)
Scrolls
 e - 2 scrolls of immolation {unknown}
 f - a scroll of poison {unknown}
 g - 2 scrolls of vulnerability {unknown}
 i - a scroll of enchant armour {unknown}
 m - a scroll of brand weapon {unknown}
 n - a scroll of fear {unknown}
Potions
 d - a potion of might
 h - a potion of heal wounds {unknown}
 j - a potion of degeneration {unknown}
 l - a potion of haste {unknown}


   Skills:
 + Level 3.2 Fighting
 + Level 3.0 Axes
 + Level 3.5 Armour
 + Level 0.2 Dodging
 + Level 0.7 Stealth
 + Level 3.0 Shields


You had 3 spell levels left.
You didn't know any spells.
Your spell library contained the following spells:

 Spells                   Type           Power      Damage    Failure   Level
 Slow                     Hex            0%         N/A       77%         1
 Confusing Touch          Hex            0%         N/A       98%         3
 Vampiric Draining        Necr           0%         2d6       98%         3


Dungeon Overview and Level Annotations

Branches:
Dungeon (6/15)
 Temple: D:4-7


Innate Abilities, Weirdness & Mutations

You have an increased reservoir of magic. (+10% MP)
You shall have no god before yourself.
Your divine heritage dramatically boosts your attributes as you level up.


Message History

The gnoll's wounds heal themselves!
The gnoll closely misses you.
You slash the gnoll!
The gnoll is heavily wounded.
The gnoll hits you from afar with a +0 spear.
The gnoll barely misses you.
You hit the gnoll bouda.
The gnoll bouda is lightly wounded.
Your attacks no longer feel as feeble.
The gnoll hits you from afar with a +0 spear.
The gnoll bouda completely misses you.
You slash the gnoll bouda!
The gnoll bouda is severely wounded.
The gnoll hits you from afar with a +0 spear.
The gnoll bouda hits you with a +0 club.
The gnoll hits you from afar with a +0 spear.
* * * LOW HITPOINT WARNING * * *
You slash the gnoll bouda!
You kill the gnoll bouda!
The gnoll is no longer moving quickly.
The gnoll hits you from afar with a +0 spear.
* * * LOW HITPOINT WARNING * * *
The gnoll closely misses you.
Your Axes skill increases to level 3!
You closely miss the gnoll.
The gnoll is heavily wounded.
You block the gnoll's attack. The gnoll barely misses you.
You slash the gnoll!
You kill the gnoll!
The gnoll hits you from afar with a +0 spear.
* * * LOW HITPOINT WARNING * * *
The gnoll barely misses you.
You closely miss the gnoll. The gnoll closely misses you.
The gnoll hits you but does no damage. The gnoll barely misses you.
You barely miss the gnoll. The gnoll closely misses you.
You block the gnoll's attack.
The gnoll hits you from afar with a +0 spear.
* * * LOW HITPOINT WARNING * * *
You hit the gnoll but do no damage. The gnoll closely misses you.
You block the gnoll's attack. The gnoll hits you with a +0 club.
You die...

......#..
......#.#
......#.####
...........#
...........#
#####......#
#..g...#
###g#### #@#
#.# #.# #.#
#.#
#########.#
#.........#
#.#########
#.#


You could see 2 gnolls.

Vanquished Creatures
  A gnoll bouda (D:6)
  An iguana (D:6)
  Robin (D:4)
  An adder (D:4)
  A gnoll (D:6)
  A worm (D:2)
  A dart slug (D:2)
  A bat (D:2)
  2 endoplasms
  A giant cockroach (D:1)
  11 goblins (D:4)
  3 hobgoblins
  3 kobolds
  2 quokkas
  3 ball pythons
  2 frilled lizards
  A rat (D:2)
36 creatures vanquished.

Notes
Turn   | Place    | Note
-------+----------+-------------------------------------------
     0 | D:1      | AstroCodex24 the Demigod Fighter began the quest for the
                  | Orb.
     0 | D:1      | Reached XP level 1. HP: 18/18 MP: 3/3
   412 | D:2      | Reached XP level 2. HP: 25/25 MP: 4/4
   732 | D:4      | Noticed Robin
   746 | D:4      | Killed Robin
   747 | D:4      | Reached XP level 3. HP: 11/31 MP: 5/5
  1062 | D:5      | Entered Level 5 of the Dungeon
  1104 | D:6      | Reached XP level 4. HP: 38/38 MP: 6/6
  1141 | D:6      | Slain by a gnoll

Illustrated notes

Levels and vault maps discovered:
D:1:      sevenhm_arrival_forest_fort_small_6, layout_basic,
          minmay_misc_feat_diagonals
D:2:      layout_basic, basic_ecumenical_altar, uniq_terence, uniq_natasha
D:3:      layout_basic, nicolae_sif_muna_little_library
D:4:      layout_basic, minmay_temple_entry_ruins, uniq_robin, uniq_eustachio
D:5:      layout_cave_pools, uniq_menkaure, uniq_edmund
D:6:      layout_basic, lightli_orcish_oven

Skill      XL: |  1  2  3  4 |
---------------+-------------+-----
Axes           | 2 3 |  3.0
Armour         | 3 |  3.5
Fighting       | 3 |  3.2
Shields        | 3 |  3.0
Dodging        | |  0.2
Stealth        | |  0.7

Action                     |  1- 3 |  4- 6 || total
---------------------------+-------+-------++-------
  Melee: War axe           |    85 |    12 ||    97
 Armour: Scale mail        |    46 |     2 ||    48
  Dodge: Dodged            |    49 |    13 ||    62
  Block: Buckler           |    17 |     5 ||    22

Table legend: (Time is in decaauts)
 A = Elapsed time spent in this place.
 B = Non-inter-level travel time spent in this place.
 C = Inter-level travel time spent in this place.
 D = Time resting spent in this place.
 E = Time spent auto-exploring this place.
 F = Levels seen in this place.
 G = Mean time per level.
                   A        B        C        D        E       F      G
               +--------+--------+--------+--------+--------+-----+--------+
         Total |   1181 |   1173 |      8 |      0 |      0 |   6 |  196.8 |
       Dungeon |   1181 |   1173 |      8 |      0 |      0 |   6 |  196.8 |
               +--------+--------+--------+--------+--------+-----+--------+

Top non-repeatable levels by time:
     D:2: 475 daAuts
     D:4: 417 daAuts
     D:1: 172 daAuts
     D:6: 52 daAuts
     D:3: 33 daAuts
     D:5: 31 daAuts
